Unix NetHack Version 5.0.0-0 post-release - last build May 17 2026 04:57:42 (dc50c8380fa5e20985bfe3072449f57b8d9895ef,branch:main).

Game began 2026-05-17 10:41:37, ended 2026-05-17 16:01:14.

GdeVolpiano, neutral female human Tourist

                             |
                            .---
                            ...
                 -----    -...
  |              |...|   -...
---.          | --...--  ..
|.......      |.|.....---.|
|...........  |.|..@.<%...|
   -.........+..)(h...d.---
   --.............---..--
    |.... |.......| |..|
    ---   --......| ----
           |......-
           |......
           .......-
           ---.|.--
             -----

GdeVolpiano the Sightseer   St:13 Dx:10 Co:12 In:13 Wi:14 Ch:15  Neutral
Dlvl:5  $:5  HP:0(31) Pw:15(15) AC:6  Xp:4 T:2225 

Latest messages:
 You miss the fox.
 The fox bites!
 #
 Are you sure you want to pray? [yn] (n)
 You begin praying to The Lady.
 You are surrounded by a shimmering light.
 The fox starts to attack you, but pulls back.
 The fox starts to attack you, but pulls back.
 The fox starts to attack you, but pulls back.
 You finish your prayer.
 You feel that The Lady is well-pleased.
 You feel much better.
 You miss the fox.
 The fox bites!
 You kill the fox!
 You hear a gurgling noise.
 You are in full health.
 You descend the stairs.
 There is a branch staircase up to the Dungeons of Doom here.
 You see here a dagger.
 Winston bites the gnome lord.
 The gnome lord hits!
 You hit the gnome lord!
 Winston bites the gnome lord.
 The gnome lord misses Winston.
 The dwarf picks up a crossbow.
 The gnome lord hits!
 You hit the gnome lord.
 Winston bites the gnome lord.
 The gnome lord is killed!
 Winston grows up into a dog.
 The dwarf swings his pick-axe.
 The dwarf hits!
 Winston picks up a dagger.
 You miss the dwarf.
 Winston drops a dagger.
 You miss the dwarf.
 The dwarf swings his pick-axe.
 The dwarf hits!
 You hit the dwarf.
 The dwarf swings his pick-axe.
 The dwarf hits!
 Winston picks up a dagger.
 You miss the dwarf.
 You hit the dwarf.
 The dwarf swings his pick-axe.
 The dwarf hits!
 You die...
 Do you want your possessions identified? [ynq] (y)
 Do you want to see your attributes? [ynq] (y)

Inventory:
 Coins    ('$')
  $ - 5 gold pieces
 Weapons  (')')
  a - 25 +2 darts (at the ready)
  B - a +0 scimitar (weapon in right hand)
 Armor    ('[')
  z - an uncursed +0 pair of water walking boots (being worn)
  x - an uncursed +0 Hawaiian shirt with a toucan motif
  G - an uncursed +0 ring mail (being worn)
 Wands    ('/')
  s - a wand of magic missile (0:3)
 Tools    ('(')
  h - an uncursed bag of holding containing 3 items
  k - an uncursed credit card

Contents of the bag of holding:
  911 gold pieces
  8 uncursed food rations
  an uncursed tripe ration

GdeVolpiano the Tourist's attributes:

Background:
 You were a Sightseer, a level 4 female human Tourist.
 You were neutral, on a mission for The Lady
 who was opposed by Blind Io (lawful) and Offler (chaotic).
 You were right-handed.
 You were in the Gnomish Mines, on level 5.
 You entered the dungeon 2225 turns ago.
 There was a new moon in effect when your adventure ended.
 You had 105 experience points, 55 more were needed to attain level 5.

Basics:
 You had 0 out of 31 hit points.
 You had all 15 energy points (spell power).
 Your armor class was 6.
 Your wallet contained 5 zorkmids, and
 you had 911 more stashed away in your pack.
 Autopickup was on for '$?!/="+' plus thrown, with exceptions.

Final Characteristics:
 Your strength was 13 (limit:18/100).
 Your dexterity was 10 (limit:18).
 Your constitution was 12 (limit:18).
 Your intelligence was 13 (limit:18).
 Your wisdom was 14 (limit:18).
 Your charisma was 15 (limit:18).

Final Status:
 You weren't hungry.
 You were unencumbered.
 You were wielding a saber.
 You were unskilled in saber and could have enhanced that.

Final Attributes:
 You were piously aligned.
 You could walk on water.
 You were warded.
 You are dead.

Miscellaneous:
 You didn't encounter any bones levels.
 Total elapsed playing time was 26 minutes and 12 seconds.

Major events:
 Turn
    1: GdeVolpiano the neutral female human Tourist entered the dungeon
 1341: attained the rank of Sightseer (level 3)
 1754: entered the Gnomish Mines
 2225: killed by a dwarf

You didn't know any spells.

Skills:
 Fighting Skills
   bare handed combat [Unskilled]
   two weapon combat  [Unskilled]
   riding             [Unskilled]
 Weapon Skills
   dagger             [Unskilled]
   knife              [Unskilled]
   axe                [Unskilled]
   pick-axe           [Unskilled]
   short sword        [Unskilled]
   broadsword         [Unskilled]
   long sword         [Unskilled]
   two-handed sword   [Unskilled]
   saber              [Unskilled]
   mace               [Unskilled]
   morning star       [Unskilled]
   flail              [Unskilled]
   hammer             [Unskilled]
   quarterstaff       [Unskilled]
   polearms           [Unskilled]
   spear              [Unskilled]
   trident            [Unskilled]
   lance              [Unskilled]
   bow                [Unskilled]
   sling              [Unskilled]
   crossbow           [Unskilled]
   dart               [Basic]
   shuriken           [Unskilled]
   boomerang          [Unskilled]
   whip               [Unskilled]
   unicorn horn       [Unskilled]
 Spellcasting Skills
   divination spells  [Unskilled]
   enchantment spells [Unskilled]
   escape spells      [Unskilled]

Voluntary challenges:
 Character rerolling was not enabled.
 You never genocided any monsters.
 You never polymorphed an object.
 You never changed form.
 You used no wishes.
Achievements:
 You entered a shop.
 You attained the rank of Sightseer.
 You entered the Gnomish Mines.

 The Dungeons of Doom: levels 1 to 5
    Level 1:
       A sink, a grave.
    Level 2:
       A general store, some fountains, a sink.
    Level 3:
    Level 4:
       A sink.
       Stairs down to The Gnomish Mines.
    Level 5:
 The Gnomish Mines:
    Level 5: <- You were here.
       Final resting place for
          you, killed by a dwarf.


Vanquished creatures:
  a shrieker
  a gnome leader
  a floating eye
  a dwarf
 an acid blob
  2 hobbits
  a large kobold
  a brown mold
  9 gnomes
  3 geckos
  a jackal
  2 foxes
  a kobold
  7 grid bugs
  4 lichens
  2 kobold zombies
  3 newts
41 creatures vanquished.

No species were genocided or became extinct.

Game over:
                       ----------
                      /          \
                     /    REST    \
                    /      IN      \
                   /     PEACE      \
                  /                  \
                  |   GdeVolpiano    |
                  |      916 Au      |
                  |   killed by a    |
                  |      dwarf       |
                  |                  |
                  |                  |
                  |       2026       |
                 *|     *  *  *      | *
        _________)/\\_//(\/(/\)/\//\/|_)_______

Aloha GdeVolpiano the Tourist...

You died in The Gnomish Mines on dungeon level 5 with 630 points,
and 916 pieces of gold, after 2225 moves.
You were level 4 with a maximum of 31 hit points when you died.

